 Dungeon Crawl Stone Soup version 0.31-a0-246-g8cbcc1cb85 (webtiles) character file.

Game seed: 11926001895659142194

405 qw the Shooter (level 6, -2/37 HPs)
             Began as a Gargoyle Hexslinger on July 12, 2023.
             Killed from afar by an orc wizard (7 damage)
             ... with a magic dart
             ... on level 4 of the Dungeon.
             The game lasted 00:01:23 (2958 turns).

qw the Shooter (Gargoyle Hexslinger)                Turns: 2958, Time: 00:01:23

Health: -2/37      AC: 11    Str: 12    XL:     6   Next: 87%
Magic:  7/7        EV: 10    Int: 13    God:
Gold:   124        SH:  0    Dex: 14    Spells: 6/7 levels left

rFire   . . .        Y - +3 sling
rCold   . . .        (no shield)
rNeg    + . .        n - +0 ring mail
rPois   inf          (no helmet)
rElec   +            (no cloak)
rCorr   .            d - +0 pair of gloves
SInv    .            (no boots)
Will    .....        (no amulet)
Stlth   +            (no ring)
HPRegen 0.26/turn    (no ring)
MPRegen 0.10/turn

%: no passive effects
@: no status effects
A: sickness immunity, AC +4, negative energy resistance 1, electricity
resistance, torment resistance 1, petrification resistance
a: no special abilities


You were on level 4 of the Dungeon.
You visited 1 branch of the dungeon, and saw 4 of its levels.

You collected 124 gold pieces.


Innate Abilities, Weirdness & Mutations

You are immune to sickness and miasma.
Your stone body is resilient. (AC +4)
You are immune to poison.
You resist negative energy. (rN+)
You are resistant to electric shocks. (rElec)
You are resistant to unholy torment.
You are immune to petrification.


   Skills:
 - Level 3.0 Fighting
 + Level 5.9 Ranged Weapons
 - Level 2.7 Armour
 - Level 1.5 Dodging
 - Level 1.0 Spellcasting
 - Level 2.6 Hexes


You had 6 spell levels left.
You knew the following spells:

 Your Spells              Type           Power      Damage    Failure   Level
a - Slow                  Hex            28%        N/A       21%         1

Your spell library contained the following spells:

 Spells                   Type           Power      Damage    Failure   Level
 Inner Flame              Hex/Fire       4%         N/A       71%         3
 Portal Projectile        Hex/Tloc       8%         N/A       71%         3
 Cause Fear               Hex            3%         N/A       90%         4

Inventory:

Hand Weapons
 Y - a +3 sling (weapon)
Armour
 d - a +0 pair of gloves (worn)
 l - the +1 ring mail of Hadjma {rN++}
   (You found it on level 4 of the Dungeon)

   rN:        It greatly protects you from negative energy.
 n - a +0 ring mail (worn)
Scrolls
 e - a scroll of revelation {unknown}
 k - a scroll of identify
Potions
 a - a potion of might
 b - a potion of attraction {unknown}
 c - a potion of mutation {unknown}
 f - a potion of invisibility {unknown}
 g - 2 potions of curing
 h - a potion of haste {unknown}
 i - a potion of resistance {unknown}
 j - a potion of enlightenment
 m - a potion of degeneration {unknown}

Dungeon Overview and Level Annotations

Branches:
Dungeon (4/15)
 Temple: D:4-7

Altars:

Shops:
D:1 (


Message History

You shoot a sling bullet. The sling bullet hits the ogre.
You kill the ogre!
The orc closely misses you.
You shoot a sling bullet. The sling bullet hits the orc!
You kill the orc!
Something hits you but does no damage.
You shoot a sling bullet.
The sling bullet barely misses the orc priest.
The sling bullet hits the orc.
The orc is heavily wounded.
Something hits you.
An orc comes into view. It is wielding a +0 hand axe.
You shoot a sling bullet. The orc shouts!
The orc priest completely misses you. Something completely misses you.
You shoot a sling bullet.
The sling bullet closely misses the orc.
You hear some strange, mumbled words.
Something tries to affect you, but you resist.
The orc priest casts a cantrip, but nothing happens.
You shoot a sling bullet.
The sling bullet hits the orc but does no damage.
The orc is heavily wounded.
You hear some strange, mumbled words.
A magic dart appears from out of thin air!
The magic dart hits you but does no damage.
The orc hits you but does no damage.
The orc priest hits you from afar with a +0 trident.
You shoot a sling bullet. The sling bullet hits the orc.
You kill the orc!
Something hits you but does no damage.
The orc priest hits you from afar with a +0 trident.
You shoot a sling bullet.
The sling bullet hits the orc priest but does no damage.
Something hits you but does no damage.
The orc priest hits you but does no damage.
You hear some strange, mumbled words.
A magic dart appears from out of thin air!
The magic dart hits you!
You die...

.......................#........#
.............#.........#(...#...#
.........######+######+#....#####
##..........................#...#
#..........................#...#
#|.........................'...#
##..........................##..#
.###....##+#.....#####'###'######
...#....#..'....@{..#...'.......#
...+....#.<#....o#..#...#.......#
.###....#..#...)o#..##.###..##).#
.#....###..##....#####.####'###+#
.+....#.....#....#>.............#
.#....#.....#....'..............#
'#....##...##...)#############..#
...#####...#####......#####.##..#
...#..'........#......#.........#


You could see an orc priest and an orc.

Vanquished Creatures
  An ogre (D:4)
  A phantom (D:4)
  A howler monkey (D:4)
  A sleepcap (D:4)
  8 adders
  An ufetubus (D:4)
  2 worms
  3 dart slugs
  3 orcs
  9 endoplasms
  3 giant cockroaches
  8 goblins
  11 hobgoblins
  9 kobolds
  2 quokkas
  7 ball pythons
  4 bats
  5 frilled lizards
  4 rats
83 creatures vanquished.

Notes
Turn   | Place    | Note
-------+----------+-------------------------------------------
     0 | D:1      | qw the Gargoyle Hexslinger began the quest for the Orb.
     0 | D:1      | Reached XP level 1. HP: 12/12 MP: 2/2
     0 | D:1      | 0 ||| qw: Version: 0.3-a-52-g30416fa
     0 | D:1      | 0 ||| qw: Game counter: 6546
     0 | D:1      | 0 ||| qw: Melee chars always use a shield: true
     0 | D:1      | 0 ||| qw: God list: Okawaru
     0 | D:1      | 0 ||| qw: Allow faded altars: false
     0 | D:1      | 0 ||| qw: Do Orc after clearing Dungeon:15 true
     0 | D:1      | 0 ||| qw: Do second Lair branch before Depths: true
     0 | D:1      | 0 ||| qw: Lair rune preference: random
     0 | D:1      | 0 ||| qw: Goals: Normal
     0 | D:1      | 0 ||| PLANNING D:1-11
   157 | D:1      | Reached XP level 2. HP: 16/16 MP: 3/3
   385 | D:1      | Reached skill level 3 in Ranged Weapons
   579 | D:1      | Found Uppiang's Weapon Emporium.
   823 | D:1      | 823 ||| UPGRADING to +0 pair of gloves.
   828 | D:1      | 828 ||| READING scroll labelled ZUROWO XAUFFOP.
   829 | D:1      | 829 ||| DROPPING scroll of poison.
   894 | D:2      | Reached XP level 3. HP: 15/22 MP: 4/4
  1067 | D:2      | Reached XP level 4. HP: 22/27 MP: 5/5
  1076 | D:2      | 1076 ||| FLEEEEING.
  1077 | D:2      | 1077 ||| FLEEEEING.
  1352 | D:2      | Reached skill level 4 in Ranged Weapons
  1442 | D:2      | Found a faded altar of an unknown god.
  1610 | D:2      | 1610 ||| DRINKING 2 brown potions.
  2014 | D:3      | Reached XP level 5. HP: 26/31 MP: 6/6
  2305 | D:3      | 2305 ||| UPGRADING to +0 ring mail.
  2315 | D:3      | 2315 ||| DROPPING +0 robe.
  2316 | D:3      | 2316 ||| READING 2 scrolls labelled ETRUTT VEOGIUG.
  2317 | D:3      | 2317 ||| READING scroll of enchant weapon.
  2317 | D:3      | 2317 ||| ENCHANTING +2 sling.
  2318 | D:3      | 2318 ||| READING scroll labelled RAPPEKHLAXZUPT.
  2319 | D:3      | 2319 ||| READING scroll labelled USEDOX OPLAFA.
  2320 | D:3      | 2320 ||| DRINKING 2 fizzy golden potions.
  2321 | D:3      | 2321 ||| READING 2 scrolls of identify.
  2321 | D:3      | 2321 ||| IDENTIFYING fizzy cyan potion
  2435 | D:4      | Noticed a phantom
  2447 | D:4      | Killed a phantom
  2485 | D:4      | Reached skill level 5 in Ranged Weapons
  2485 | D:4      | Reached XP level 6. HP: 32/36 MP: 7/7
  2544 | D:4      | Reached skill level 3 in Fighting
  2779 | D:4      | Identified the +1 ring mail of Hadjma {rN++}
  2956 | D:4      | HP: 8/37 [orc priest/+0 trident (4)]
  2958 | D:4      | Killed from afar by an orc wizard

Levels and vault maps discovered:
D:1:      minmay_arrival_four_loops, layout_basic, serial_shops, shop
D:2:      layout_loops_ring, chequers_ecumenical_altar_lobes,
          chequers_serial_rivers_small_3, minivault_24, supply_closet_lemuel
D:3:      layout_basic
D:4:      layout_gridville, minmay_stone_trees_small

Skill      XL: |  1  2  3  4  5  6 |
---------------+-------------------+-----
Ranged Weapons | 3 4 5 |  5.9
Fighting       | 2 3 |  3.0
Armour         | 2 |  2.7
Dodging        | |  1.5
Spellcasting   | |  1.0
Hexes          | |  2.6

Action                     |  1- 3 |  4- 6 || total
---------------------------+-------+-------++-------
   Fire: Sling             |   108 |   252 ||   360
    Use: Scroll            |     1 |     5 ||     6
         Potion            |       |     2 ||     2
 Armour: Robe              |    19 |    32 ||    51
         Ring mail         |       |    48 ||    48
  Dodge: Dodged            |    38 |    99 ||   137

Table legend:
 A = Non-vault XP
 B = Vault XP
 C = Vault XP percentage of total XP
 D = Non-vault monster count
 E = Vault monster count
 F = Vault count percentage of total count
                 A         B        C        D         E       F
            +---------+---------+-------+---------+---------+-------
      Total |     579 |       0 |   0.0 |      83 |       0 |   0.0
            +---------+---------+-------+---------+---------+-------
        D:1 |      32 |       0 |   0.0 |      19 |       0 |   0.0
        D:2 |      86 |       0 |   0.0 |      21 |       0 |   0.0
        D:3 |      68 |       0 |   0.0 |      23 |       0 |   0.0
        D:4 |     393 |       0 |   0.0 |      20 |       0 |   0.0
            +---------+---------+-------+---------+---------+-------
